 Dungeon Crawl Stone Soup version 0.17.0 (webtiles) character file.

112 Leibowitz the Ducker (level 4, -1/34 HPs)
             Began as a Merfolk Gladiator on Nov 7, 2015.
             Slain by an adder (3 damage)
             ... on level 3 of the Dungeon.
             The game lasted 00:06:44 (2171 turns).

Leibowitz the Ducker (Merfolk Gladiator)            Turns: 2171, Time: 00:06:44

Health: -1/34      AC:  4    Str: 20    XL:     4   Next: 93%
Magic:  4/4        EV: 15    Int:  7    God:
Gold:   86         SH:  0    Dex: 15    Spells: 0 memorised, 3 levels left

rFire  + . .     SeeInvis .     b - +0 short sword (venom)
rCold  + . .     Clarity  .     n - +0 leather armour
rNeg   + . .     SustAt   +     (no shield)
rPois  +         Gourm    +     c - +0 helmet
rElec  +         Spirit   .     (no cloak)
rCorr  +         Warding  .     (no gloves)
rMut   .         Stasis   .     (no boots)
MR     .....                    u - amulet of the gourmand
Stlth  ++........               p - ring of sustain attributes
                                m - ring of positive energy

@: mighty, lethally poisoned (-1 -> -6), resistant, very slightly contaminated,
hasted, very quick, not resistant to hostile enchantments, unstealthy
A: change form in water, swift swim
a: no special abilities


You were on level 3 of the Dungeon.
You were not hungry.

You visited 1 branch of the dungeon, and saw 3 of its levels.

You collected 86 gold pieces.

Inventory:

Hand Weapons
 a - a +0 trident
 b - a +0 short sword of venom (weapon)
 w - a +0 blowgun
Missiles
 x - 6 poisoned needles
Armour
 c - a +0 helmet (worn)
 n - a +0 leather armour (worn)
Jewellery
 m - a ring of positive energy (left hand)
 p - a ring of sustain attributes (right hand)
 u - an amulet of the gourmand (around neck)
Scrolls
 g - 2 scrolls of identify {unknown}
 i - a scroll of fear {unknown}
 k - 2 scrolls of teleportation {unknown}
 l - 2 scrolls of remove curse {unknown}
 r - a scroll of noise {unknown}
Potions
 o - a potion of degeneration {unknown}
 q - a potion of invisibility {unknown}
 s - a potion of poison {unknown}
 t - a potion of ambrosia {unknown}
Comestibles
 e - 2 bread rations
 v - a meat ration


   Skills:
 + Level 2.9 Fighting
 + Level 5.2 Polearms
 + Level 2.1 Throwing
 + Level 0.5 Armour
 + Level 5.5 Dodging
 * Level 1.4 Stealth


You had 3 spell levels left.
You didn't know any spells.

Dungeon Overview and Level Annotations

Branches:
Dungeon (3/15)

Altars:
Elyvilon
Qazlal
Sif Muna
Zin

Annotations:
D:3 Natasha


Message History

Drink which item? (? for menu, Esc to quit)
It was a potion of haste.
You feel yourself speed up.
* * * LOW HITPOINT WARNING * * *
You feel sick. The adder misses you.
You are very lightly contaminated with residual magic.
Drink which item? (? for menu, Esc to quit)
Okay, then.
* * * LOW HITPOINT WARNING * * *
You feel sick.
* * * LOW HITPOINT WARNING * * *
You feel sick.
Drink which item? (? for menu, Esc to quit)
It was a potion of might.
You feel very mighty all of a sudden.
Drink which item? (? for menu, Esc to quit)
It was a potion of resistance.
You feel protected.
* * * LOW HITPOINT WARNING * * *
You feel sick. The adder bites you.
You die...

..... ... #.#
#.# .. #. ####(#
.... #. #.g..#
.....##.###.####
...[....##S.#
.........@.##
............###
..............#
..........#####
.........##
#.......####
.....#.....##
#.#.######..####
# #.....#


You could see an adder and a goblin.

Vanquished Creatures
  Ijyb (D:2)
  An adder (D:2)
  3 worms (D:2)
  An orc (D:2)
  2 giant cockroaches
  5 hobgoblins
  7 jackals (D:1)
  A quokka (D:1)
  4 ball pythons
  7 bats (D:2)
  A giant gecko (D:2)
  7 giant newts
  7 goblins
  9 kobolds
  9 rats
65 creatures vanquished.

Vanquished Creatures (others)
  A quokka (D:2)
  2 bats (D:2)
3 creatures vanquished.

Grand Total: 68 creatures vanquished

Notes
Turn   | Place    | Note
--------------------------------------------------------------
     0 | D:1      | Leibowitz the Merfolk Gladiator began the quest for the Orb.
     0 | D:1      | Reached XP level 1. HP: 16/16 MP: 1/1
   333 | D:1      | Reached XP level 2. HP: 18/23 MP: 2/2
   547 | D:1      | Reached XP level 3. HP: 25/28 MP: 3/3
   926 | D:2      | Found a white marble altar of Elyvilon.
   947 | D:2      | Found a stormy altar of Qazlal.
   983 | D:2      | Reached skill level 5 in Dodging
  1277 | D:2      | Reached skill level 1 in Stealth
  1301 | D:2      | Found a glowing silver altar of Zin.
  1304 | D:2      | Noticed Ijyb
  1313 | D:2      | Killed Ijyb
  1313 | D:2      | Reached skill level 5 in Polearms
  1313 | D:2      | Reached XP level 4. HP: 31/34 MP: 4/4
  1754 | D:2      | Found a deep blue altar of Sif Muna.
  1810 | D:3      | Noticed Natasha
  2171 | D:3      | Slain by an adder

Action                   |  1- 3 |  4- 6 || total
-------------------------+-------+-------++-------
Melee: Trident           |   143 |    77 ||   220
       Short sword       |     4 |     9 ||    13
Throw: Throwing net      |       |     4 ||     4
  Use: Potion            |       |     3 ||     3
 Stab: Sleeping          |     1 |     1 ||     2
  Eat: Chunk             |     1 |     3 ||     4
